 Dungeon Crawl Stone Soup version 0.16.0-16-g311141a (webtiles) character file.

1872 Chiseanne the Skirmisher (level 8, -7/65 HPs)
             Began as a Mummy Monk on Mar 19, 2015.
             Was an Elder of Qazlal.
             Splashed by an oklob plant's acid (14 damage)
             ... on level 6 of the Dungeon.
             The game lasted 00:21:50 (5458 turns).

Chiseanne the Skirmisher (Mummy Monk)               Turns: 5458, Time: 00:21:50

Health: -7/65      AC:  1    Str: 15    XL:     8   Next: 91%
Magic:  11/11      EV: 14    Int:  9    God:    Qazlal [****..]
Gold:   242        SH:  5    Dex: 15    Spells: 0 memorised, 7 levels left

rFire  . . .     SeeInvis +     a - +3 flail (drain)
rCold  + . .     Clarity  .     h - +0 ring mail
rNeg   + + +     SustAb   .     (no shield)
rPois  ∞         Gourm    .     b - +2 helmet
rElec  .         Spirit   .     (no cloak)
rCorr  .         Warding  .     (no gloves)
rMut   .         Stasis   .     c - +1 pair of boots
MR     +....                    (no amulet)
Stlth  +.........               o - ring of see invisible
                                d - ring of protection from fire

@: corroded equipment, repel missiles, somewhat resistant to hostile
enchantments, very unstealthy
A: no food or potions, fire vulnerability, restore body, cold resistance 1,
negative energy resistance 3, poison resistance, torment resistance, unbreathing
a: Upheaval, Elemental Force, Renounce Religion


You were on level 6 of the Dungeon.
You worshipped Qazlal.
Qazlal was greatly pleased with you.
You were not hungry.

You visited 2 branches of the dungeon, and saw 7 of its levels.

You collected 242 gold pieces.

Inventory:

Hand weapons
 a - a +3 flail of draining (weapon)
 s - a +1 spear of venom
Missiles
 e - 37 arrows
 f - 18 bolts
 l - 8 needles of paralysis
Armour
 b - a +2 helmet (worn)
 c - a +1 pair of boots (worn)
 h - a +0 ring mail (worn)
Jewellery
 d - a ring of protection from fire (left hand)
 g - an uncursed ring of sustain abilities
 o - a ring of see invisible (right hand)
Scrolls
 i - a scroll of fog
 j - a scroll of remove curse
 k - a scroll of teleportation {unknown}
 m - 5 scrolls of identify
 n - a scroll of acquirement {unknown}


   Skills:
 * Level 6.5 Fighting
 * Level 5.0 Armour
 * Level 6.4 Dodging
 - Level 1.5 Stealth
 - Level 3.2 Unarmed Combat
 * Level 2.7 Invocations


You had 7 spell levels left.
You didn't know any spells.

Dungeon Overview and Level Annotations

Branches:
Dungeon (6/15)             Temple (1/1) D:4

Altars:
Ashenzari
Cheibriados
Dithmenos
Elyvilon
Fedhas
Nemelex Xobeh
Okawaru
Qazlal
Ru
Sif Muna
Trog
Xom
Yredelemnul
The Shining One

Annotations:
D:6 exclusion: oklob plant


Innate Abilities, Weirdness & Mutations

You do not eat or drink.
Your flesh is vulnerable to fire.
Your flesh is cold resistant.
You are immune to negative energy.
Your system is resistant to poisons.
You are immune to unholy pain and torment.
You can survive without breathing.


Message History

You hit the oklob plant but do no damage.
The oklob plant is moderately damaged.
The oklob plant spits acid at you. The splash of acid hits you!
The acid corrodes your equipment!
The acid burns!
* * * LOW HITPOINT WARNING * * *
You hit the oklob plant!
The oklob plant is heavily damaged.
You hit the oklob plant.
The oklob plant is heavily damaged.
The oklob plant spits acid at you.
The splash of acid is repelled.
You hit the oklob plant but do no damage.
The oklob plant is heavily damaged.
You hit the oklob plant but do no damage.
The oklob plant is heavily damaged.
The oklob plant spits acid at you. The splash of acid hits you!
* * * LOW HITPOINT WARNING * * *
The acid corrodes your equipment!
The acid burns!
You die...

##### ###.§.###
#....§..####
#...P@§....#
#.P.§...##.#
###...####.# #####
##.#
#####..###########
#.................
#.################


You could see an oklob plant.

Vanquished Creatures
  Grinder (D:6)
  A sky beast (D:6)
  2 ogres
  2 phantoms
  An ice beast (D:5)
  Sigmund (D:6)
  3 giant frogs (D:6)
  A scorpion (D:4)
  7 jellies (D:6)
  2 crimson imps
  A hound (D:6)
  A gnoll shaman (D:5)
  2 orc priests (D:3)
  An iguana (D:6)
  Natasha (twice) (D:6)
  An orc wizard (D:3)
  3 worker ants (D:5)
  A hound skeleton (D:4)
  Robin (D:3)
  7 gnolls
  A shadow imp (D:5)
  2 adders
  A giant mite (D:6)
  3 worms
  2 giant geckos
  15 oozes (D:6)
  5 orcs
  A bat skeleton (D:6)
  6 giant cockroaches
  22 goblins
  17 hobgoblins
  6 jackals
  4 quokkas
  11 bats
  A giant gecko skeleton (D:4)
  7 giant newts
  6 kobolds
  A quokka skeleton (D:5)
  A quokka zombie (D:5)
  16 rats
  2 butterflies (D:4)
  A fungus (D:6)
172 creatures vanquished.

Vanquished Creatures (others)
  A wizard (D:4)
  4 fungi (D:6)
5 creatures vanquished.

Grand Total: 177 creatures vanquished

Notes
Turn   | Place    | Note
--------------------------------------------------------------
     0 | D:1      | Chiseanne, the Mummy Monk, began the quest for the Orb.
     0 | D:1      | Reached XP level 1. HP: 18/18 MP: 1/1
   516 | D:1      | Reached XP level 2. HP: 21/24 MP: 2/2
  1202 | D:2      | Reached XP level 3. HP: 29/29 MP: 3/3
  1501 | D:2      | Found a blossoming altar of Fedhas.
  2014 | D:3      | Reached skill level 1 in Armour
  2014 | D:3      | Reached XP level 4. HP: 30/37 MP: 4/4
  2017 | D:3      | Reached skill level 4 in Fighting
  2036 | D:3      | Reached XP level 5. HP: 13/42 MP: 5/5
  2292 | D:3      | Noticed Robin
  2317 | D:3      | Killed Robin
  2663 | D:4      | Found a staircase to the Ecumenical Temple.
  2675 | Temple   | Entered the Ecumenical Temple
  2759 | Temple   | Became a worshipper of Qazlal Stormbringer
  2759 | Temple   | Acquired Qazlal's first power
  2759 | Temple   | Acquired Qazlal's second power
  2783 | D:4      | Noticed an ogre
  2807 | D:4      | Killed an ogre
  2807 | D:4      | Reached XP level 6. HP: 20/49 MP: 6/6
  3104 | D:4      | Found a bloodstained altar of Trog.
  3113 | D:4      | Noticed a wizard
  3119 | D:4      | Killed a wizard
  3158 | D:4      | Noticed a phantom
  3311 | D:4      | Killed a phantom
  3330 | D:4      | Found a sand-covered staircase.
  3459 | D:4      | Reached skill level 5 in Fighting
  3459 | D:4      | Reached XP level 7. HP: 48/56 MP: 7/7
  3506 | D:5      | Entered Level 5 of the Dungeon
  3520 | D:5      | Reached skill level 1 in Invocations
  3619 | D:5      | Found a white marble altar of Elyvilon.
  3939 | D:5      | Reached skill level 5 in Dodging
  3957 | D:5      | Acquired Qazlal's third power
  4713 | D:6      | Noticed Natasha
  4720 | D:6      | Killed Natasha
  4729 | D:6      | Reached XP level 8. HP: 40/64 MP: 8/10
  4777 | D:6      | Reached skill level 6 in Fighting
  4824 | D:6      | Noticed Sigmund
  4829 | D:6      | Killed Sigmund
  5185 | D:6      | Noticed Natasha
  5189 | D:6      | Killed Natasha
  5234 | D:6      | Noticed Grinder
  5260 | D:6      | Killed Grinder
  5388 | D:6      | Noticed an oklob plant
  5433 | D:6      | Acquired Qazlal's fourth power
  5441 | D:6      | Reached skill level 5 in Armour
  5458 | D:6      | Splashed by an oklob plant's acid

Action                   |  1- 3 |  4- 6 |  7- 9 || total
-------------------------+-------+-------+-------++-------
Melee: Unarmed           |    79 |       |       ||    79
       Spear             |    20 |   121 |     4 ||   145
       Mace              |     1 |       |       ||     1
       Flail             |       |    24 |   159 ||   183
  Use: Scroll            |     2 |     8 |     1 ||    11
